 Dungeon Crawl Stone Soup version 0.31-a0-876-gfe8ebadbca (webtiles) character file.

Game seed: 8440905748017135875

28 zenocrate the Sneak (level 3, 0/16 HPs)
             Began as a Vine Stalker Enchanter on Oct 14, 2023.
             Slain by Terence
             ... wielding a +2 flail of protection
              (10 damage)
             ... on level 2 of the Dungeon.
             The game lasted 00:01:28 (786 turns).

zenocrate the Sneak (Vine Stalker Enchanter)         Turns: 786, Time: 00:01:28

Health: 0/16       AC:  2    Str: 10    XL:     3   Next: 12%
Magic:  0/7        EV: 12    Int: 15    God:
Gold:   66         SH:  0    Dex: 16    Spells: 2/7 levels left

rFire   . . .        a - +1 dagger
rCold   . . .        (no shield)
rNeg    . . .        b - +0 robe
rPois   .            (no helmet)
rElec   .            (no cloak)
rCorr   .            (no gloves)
SInv    .            (no boots)
Will    .....        (no amulet)
Stlth   +++          (no ring)
HPRegen 1.02/turn    (no ring)
MPRegen 0.10/turn

%: guardian spirit
@: confusing by touch
A: fangs 2, regeneration 1, magic shield, antimagic bite, no potion heal 2
a: no special abilities


You were on level 2 of the Dungeon.
You visited 1 branch of the dungeon, and saw 2 of its levels.

You collected 66 gold pieces.

Inventory:

Hand Weapons
 a - a +1 dagger (weapon)
Armour
 b - a +0 robe (worn)
Wands
 k - a wand of charming (5)
Scrolls
 d - a scroll of blinking {unknown}
 g - 3 scrolls of identify {unknown}
 h - a scroll of teleportation {unknown}
 l - a scroll of fog {unknown}
Potions
 c - 2 potions of invisibility
 e - a potion of resistance {unknown}
 f - a potion of heal wounds {unknown}
 i - a potion of ambrosia {unknown}
 j - a potion of curing {unknown}


   Skills:
 + Level 1.4 Short Blades
 - Level 1.5 Dodging
 * Level 4.2 Stealth
 + Level 2.5 Spellcasting
 + Level 3.2 Hexes
 + Level 0.5 Ice Magic
 + Level 0.0 Evocations


You had 2 spell levels left.
You knew the following spells:

 Your Spells              Type           Power      Damage    Failure   Level
a - Ensorcelled Hibernat  Hex/Ice        14%        N/A       14%         2
b - Confusing Touch       Hex            11%        N/A       17%         3

Your spell library contained the following spells:

 Spells                   Type           Power      Damage    Failure   Level
 Tukima's Dance           Hex            11%        N/A       17%         3
 Dazzling Flash           Conj/Hex       12%        N/A       32%         3


Dungeon Overview and Level Annotations

Branches:
Dungeon (2/15)

Altars:

Annotations:
D:2 Terence


Innate Abilities, Weirdness & Mutations

You have extremely sharp teeth.
Your natural rate of healing is unusually fast.
When hurt, damage is shared between your health and your magic reserves.
Your bite disrupts and absorbs the magic of your enemies.
Potions cannot restore your health.


Message History

The giant cockroach barely misses you. The jackal completely misses you.
You closely miss the jackal. Your bite misses the jackal.
The jackal is severely wounded.
The jackal bites you. The giant cockroach misses you.
You hit the giant cockroach.
You kill the giant cockroach!
The jackal closely misses you.
You hit the jackal.
The jackal is almost dead.
The jackal bites you. The jackal closely misses you.
The jackal closely misses you.
You see here a giant cockroach corpse.
You miss the jackal. Your bite misses the jackal.
The jackal is almost dead.
The jackal bites you. The jackal barely misses you.
You hit the jackal but do no damage. You bite the jackal.
You kill the jackal!
This spell is astonishingly dangerous to cast!
You start memorising the spell.
You continue memorising. x3
You finish memorising.
Spell assigned to 'b'.
You start resting.
Magic restored.
l - a scroll labelled SIADU GUTH You now have 66 gold pieces (gained 4).
Found a stone staircase leading up.
No target in view!
Terence the Incautious comes into view.
He is wielding a +2 flail of protection.
There is a stone staircase leading up here.
Terence is nearby!
The helpless Terence fails to defend himself.
You puncture Terence!
Terence is heavily wounded.
Terence hits you with a +2 flail of protection!
Terence is nearby!
Casting: Ensorcelled Hibernation (safe; 14% risk of failure)
Confirm with . or Enter, or press ? or * to list all spells.
Your hands begin to glow red.
Terence hits you with a +2 flail of protection!
Ouch! That really hurt!
You die...

...# ..## ..##....##
...######.# ..#.....##
..........# ##........#
...........##.........#
.#########............##
#### ...............
...... #..@........
###### #...@....... #
#...........
###.........
######<.......
####.............
########....########....
#........#### ....
..######## ... ### ##


You could see Terence.

Vanquished Creatures
  A dart slug (D:1)
  2 bats (D:1)
  2 endoplasms (D:1)
  A giant cockroach (D:2)
  2 goblins (D:1)
  A hobgoblin (D:1)
  3 jackals (D:2)
  3 quokkas (D:1)
  3 ball pythons
  2 frilled lizards (D:1)
  4 rats (D:1)
24 creatures vanquished.

Notes
Turn   | Place    | Note
-------+----------+-------------------------------------------
     0 | D:1      | zenocrate the Vine Stalker Enchanter began the quest for
                  | the Orb.
     0 | D:1      | Reached XP level 1. HP: 9/9 MP: 4/4
    37 | D:1      | Reached skill level 1 in Short Blades
   172 | D:1      | Reached XP level 2. HP: 13/13 MP: 4/6
   209 | D:1      | Learned a level 2 spell: Ensorcelled Hibernation
   388 | D:1      | Reached skill level 4 in Stealth
   684 | D:2      | Reached XP level 3. HP: 13/16 MP: 1/7
   703 | D:2      | Learned a level 3 spell: Confusing Touch
   780 | D:2      | Noticed Terence
   786 | D:2      | Slain by Terence

Illustrated notes

Levels and vault maps discovered:
D:1:      roadster_arrival_rocket_large, layout_rooms, serial_corexii_hall,
          chequers_hall_statues_wall_a, corexii_hall_statues_deadend
D:2:      layout_rooms, basic_altar, uniq_terence

Skill      XL: |  1  2 |
---------------+-------+-----
Short Blades   | 1 |  1.4
Stealth        | 4 |  4.2
Dodging        | |  1.5
Spellcasting   | |  2.5
Hexes          | |  3.2
Ice Magic      | |  0.5

Action                     || total
---------------------------++-------
  Melee: Dagger            ||    74
         Bite              ||    17
   Cast: Ensorcelled Hiber ||     6
         Confusing Touch   ||     1
   Stab: Sleeping          ||     9
 Armour: Robe              ||    59
  Dodge: Dodged            ||    62

Table legend: (Time is in decaauts)
 A = Elapsed time spent in this place.
 B = Non-inter-level travel time spent in this place.
 C = Inter-level travel time spent in this place.
 D = Time resting spent in this place.
 E = Time spent auto-exploring this place.
 F = Levels seen in this place.
 G = Mean time per level.
                   A        B        C        D        E       F      G
               +--------+--------+--------+--------+--------+-----+--------+
         Total |    781 |    781 |      0 |     48 |    539 |   2 |  390.5 |
       Dungeon |    781 |    781 |      0 |     48 |    539 |   2 |  390.5 |
               +--------+--------+--------+--------+--------+-----+--------+

Top non-repeatable levels by time:
     D:1: 627 daAuts
     D:2: 154 daAuts
